 Dungeon Crawl Stone Soup version 0.27.0-1-g7a089689b8 (webtiles) character file.

Game seed: 1866556931590774468

74 ZARRMARR the Chopper (level 4, 0/40 HPs)
             Began as a Hill Orc Monk on Aug 3, 2021.
             Slain by Terence (9 damage)
             ... on level 3 of the Dungeon.
             The game lasted 00:09:07 (3839 turns).

ZARRMARR the Chopper (Hill Orc Monk)                Turns: 3839, Time: 00:09:09

Health: 0/40       AC:  2    Str: 14    XL:     4   Next: 30%
Magic:  4/4        EV: 12    Int: 10    God:
Gold:   25         SH:  0    Dex: 13    Spells: 3/3 levels left

rFire    . . .     SeeInvis .   a - +0 hand axe
rCold    . . .     Faith    .   (no shield)
rNeg     . . .     Spirit   .   b - +0 robe
rPois    .         Reflect  .   (no helmet)
rElec    .         Harm     .   (no cloak)
rCorr    .         Rampage  .   (no gloves)
Will     .....                  (no boots)
Stlth    ++........             (no amulet)
HPRegen  0.13/turn              (no ring)
MPRegen  0.09/turn              (no ring)

@: no status effects
A: no striking features
a: no special abilities


You were on level 3 of the Dungeon.
You visited 1 branch of the dungeon, and saw 3 of its levels.

You collected 75 gold pieces.
You spent 50 gold pieces at shops.

Inventory:

Hand Weapons
 a - a +0 hand axe (weapon)
Missiles
 c - 6 stones (quivered)
Armour
 b - a +0 robe (worn)
Scrolls
 d - a scroll of noise
 e - a scroll of acquirement
 f - a scroll of fear {unknown}
 g - a scroll of torment {unknown}
Potions
 h - 2 potions of curing {unknown}


   Skills:
 + Level 4.1 Fighting
 + Level 5.0 Axes
 + Level 0.8 Throwing
 + Level 2.9 Dodging
 + Level 2.0 Stealth


You had 3 spell levels left.
You didn't know any spells.
Your spell library was empty.

Dungeon Overview and Level Annotations

Branches:
Dungeon (3/15)

Altars:

Shops:
D:1 *   D:2 [

Annotations:
D:3 Terence


Message History

You slash Terence!
Terence is severely wounded.
A kobold comes into view. It is wielding a +0 dagger.
Terence hits you with a +0 mace.
The kobold shouts!
You hit Terence.
Terence is severely wounded.
Terence hits you with a +0 mace.
You hit Terence.
Terence is almost dead.
Terence closely misses you.
You hit Terence.
Terence is almost dead.
Terence hits you with a +0 mace!
You hit Terence.
Terence is almost dead.
Terence barely misses you.
You barely miss Terence.
Terence is almost dead.
Terence hits you with a +0 mace!
You barely miss Terence.
Terence is almost dead.
You barely miss the kobold. Terence closely misses you.
A centaur skeleton comes into view.
The kobold hits you but does no damage. Terence closely misses you.
You barely miss Terence.
Terence is almost dead.
You closely miss the kobold. The kobold hits you with a +0 dagger.
* * * LOW HITPOINT WARNING * * *
Terence hits you with a +0 mace.
* * * LOW HITPOINT WARNING * * *
You hit Terence but do no damage.
Terence is almost dead.
You closely miss the kobold. The kobold completely misses you.
Terence closely misses you.
You hit Terence but do no damage.
Terence is almost dead.
You completely miss the kobold. The kobold hits you but does no damage.
Terence hits you with a +0 mace!
You die...

... ...... ...#
......
....######.....
............#
#..Z.......##.
#.............
..#...........#.
#......†@......)
#.#.....@K.?...#
#.....(......#
#.....(....#.#
...............
.##>............
....#.####.#...
.....( .#...
....(^ .# #.


You could see Terence, a kobold and a centaur skeleton.

Vanquished Creatures
  3 adders (D:2)
  A dart slug (D:1)
  6 ball pythons
  4 bats
  5 endoplasms
  2 goblins (D:1)
  6 hobgoblins
  7 quokkas
  5 frilled lizards
  2 kobolds (D:1)
  2 rats
43 creatures vanquished.

Notes
Turn   | Place    | Note
-------+----------+-------------------------------------------
     0 | D:1      | ZARRMARR the Hill Orc Monk began the quest for the Orb.
     0 | D:1      | Reached XP level 1. HP: 19/19 MP: 1/1
   405 | D:1      | Reached XP level 2. HP: 20/27 MP: 2/2
  1264 | D:1      | Reached XP level 3. HP: 30/33 MP: 3/3
  1339 | D:1      | Found a faded altar of an unknown god.
  1368 | D:1      | Found Opruveot's Assorted Antiques.
  2090 | D:1      | Identified a scroll of acquirement
  2722 | D:2      | Reached XP level 4. HP: 32/40 MP: 4/4
  3129 | D:2      | Found Qiwnuor's Armour Shop.
  3321 | D:2      | Reached skill level 5 in Axes
  3696 | D:1      | Bought a scroll of identify for 50 gold pieces
  3820 | D:3      | Noticed Terence
  3839 | D:3      | Slain by Terence

Illustrated notes

Levels and vault maps discovered:
D:1:      noname_arrival_rooms_in_the_neighbourhood, layout_basic, serial_shops,
          nicolae_shop_waterfront, shapermc_ecumenical_altar_hornbeckon,
          minmay_strange_pillars, minmay_misc_feat_cross,
          minmay_misc_feat_tower, chequers_serial_rivers_micro_a
D:2:      layout_basic, serial_shops, shop, kennysheep_generic_room_16
D:3:      layout_rooms, uniq_terence

Skill      XL: |  1  2  3  4 |
---------------+-------------+-----
Fighting       | 4 |  4.1
Stealth        | 2 |  2.0
Axes           | 5 |  5.0
Throwing       | |  0.8
Dodging        | |  2.9

Action                   |  1- 3 |  4- 6 || total
-------------------------+-------+-------++-------
Melee: Hand axe          |   135 |    26 ||   161
Throw: Stone             |    64 |    17 ||    81
  Use: Scroll            |     1 |     1 ||     2
 Stab: Sleeping          |     1 |     4 ||     5
Armor: Robe              |    32 |     4 ||    36
Dodge: Dodged            |    91 |    13 ||   104
